 Dungeon Crawl Stone Soup version 0.25.0-26-g0c896c7 (webtiles) character file.

Game seed: 13645836500652506388

365 Gadfly the Conjurer (level 6, -12/45 HPs)
             Began as a Draconian Conjurer on July 4, 2020.
             Killed by divine providence
             ... invoked by an orc priest
              (16 damage)
             ... on level 3 of the Dungeon.
             The game lasted 00:07:46 (3092 turns).

Gadfly the Conjurer (Draconian Conjurer)            Turns: 3092, Time: 00:07:46

Health: -12/45     AC:  6    Str: 11    XL:     6   Next: 40%
Magic:  1/12       EV: 13    Int: 17    God:
Gold:   73         SH:  0    Dex: 11    Spells: 3/13 levels left

rFire    . . .     SeeInvis .   a - +0 dagger (venom)
rCold    . . .     Gourm    .   (no shield)
rNeg     . . .     Faith    .   (armour unavailable)
rPois    .         Spirit   .   (helmet restricted)
rElec    .         Reflect  .   (no cloak)
rCorr    .         Harm     .   (no gloves)
MR       .....                  (no boots)
Stlth    ++........             (no amulet)
HPRegen  0.15/turn              (no ring)
MPRegen  0.13/turn              (no ring)

@: stab
A: unfitting armour, cold-blooded, AC +6
a: no special abilities


You were on level 3 of the Dungeon.
You were not hungry.

You visited 1 branch of the dungeon, and saw 3 of its levels.

You collected 73 gold pieces.

Inventory:

Hand Weapons
 a - a +0 dagger of venom (weapon)
 b - a +0 halberd
Scrolls
 i - a scroll of remove curse
Potions
 c - a potion of haste
 e - a potion of berserk rage
 g - 2 potions of flight
Comestibles
 h - 4 rations


   Skills:
 + Level 0.2 Fighting
 + Level 3.1 Dodging
 - Level 1.7 Stealth
 * Level 4.2 Spellcasting
 * Level 5.7 Conjurations


You had 3 spell levels left.
You knew the following spells:

 Your Spells              Type           Power        Failure   Level  Hunger
a - Magic Dart            Conj           ###.         1%          1    None
b - Searing Ray           Conj           ###...       2%          2    ##.....
c - Dazzling Flash        Conj/Hex       ##....       14%         3    ###....
d - Fulminant Prism       Conj/Hex       ##........   43%         4    ####...

Your spell library contained the following spells:

 Spells                   Type           Power        Failure   Level  Hunger
 Iskenderun's Mystic Bla  Conj/Tloc      ##......     43%         4    ####...


Dungeon Overview and Level Annotations

Branches:
Dungeon (3/15)

Altars:
Sif Muna


Innate Abilities, Weirdness & Mutations

Your plain brown scales are hard. (AC +6)
You cannot fit into any form of body armour.
You are cold-blooded and may be slowed by cold attacks.


Message History

Confirm with . or Enter, or press ? or * to list all spells.
Aiming: Searing Ray (safe; 2% risk of failure)
Press: ? - help, Shift-Dir - straight line, f - orc priest
Aim: an orc priest The searing ray hits the orc priest!
The orc priest is heavily wounded. (Press . to maintain the ray.) Without enough magic to sustain it, your searing ray dissipates.
The orc priest calls down the wrath of Beogh upon you.
Pain shoots through your body!
* * * LOW HITPOINT WARNING * * *
It was a potion of stabbing.
You feel ready to backstab.
The orc priest invokes the aid of Beogh against you.
You barely resist. You completely miss the orc priest.
The orc priest is heavily wounded.
The orc priest mumbles some strange prayers to Beogh against you.
Beogh smites you!
You die...

......'.....##... #.....o..
......#####.##...##........
......# #.#........o.....
......# #.#..............
.###### #.#..............
.# #.# #%# .# #.### #)# .#
#...#####(# #.....@o..#
#...####### #...# #...#
#...# #...# #####


You could see an orc priest.

Vanquished Creatures
  A necrophage (D:3)
  An orc priest (D:3)
  An orc wizard (D:3)
  Robin (D:2)
  3 gnolls (D:3)
  6 adders
  A worm (D:3)
  3 dart slugs
  3 leopard geckos
  12 orcs (D:3)
  8 bats
  3 giant cockroaches
  12 hobgoblins
  14 jackals
  9 kobolds
  A ball python (D:2)
  5 frilled lizards
  15 goblins
  A rat (D:2)
100 creatures vanquished.

Notes
Turn   | Place    | Note
-------+----------+-------------------------------------------
     0 | D:1      | Gadfly the Draconian Conjurer began the quest for the Orb.
     0 | D:1      | Reached XP level 1. HP: 14/14 MP: 3/3
    84 | D:1      | Reached XP level 2. HP: 6/20 MP: 0/5
   340 | D:1      | Learned a level 2 spell: Searing Ray
   779 | D:1      | Reached XP level 3. HP: 21/26 MP: 4/6
   845 | D:1      | Learned a level 3 spell: Dazzling Flash
  1506 | D:2      | Found a shimmering blue altar of Sif Muna.
  1580 | D:2      | Reached XP level 4. HP: 33/33 MP: 8/8
  1835 | D:2      | Noticed Robin
  1876 | D:2      | Killed Robin
  2234 | D:2      | Reached skill level 5 in Conjurations
  2363 | D:3      | Reached XP level 5. HP: 35/38 MP: 7/10
  2827 | D:3      | Noticed a necrophage
  2836 | D:3      | Killed a necrophage
  2836 | D:3      | Reached XP level 6. HP: 30/45 MP: 1/12
  2922 | D:3      | Learned a level 4 spell: Fulminant Prism
  3092 | D:3      | Killed from afar by an orc priest

Illustrated notes

Levels and vault maps discovered:
D:1:      minmay_arrival_diagonal_passages, layout_basic
D:2:      layout_loops_ring, nicolae_overflow_crystal_walls, first_ration,
          uniq_robin
D:3:      layout_basic, vehumet_crystals

Skill      XL: |  1  2  3  4  5 |
---------------+----------------+-----
Dodging        | 2 3 |  3.1
Spellcasting   | 3 4 |  4.2
Conjurations   | 5 |  5.7
Fighting       | |  0.2
Stealth        | |  1.7

Action                   |  1- 3 |  4- 6 || total
-------------------------+-------+-------++-------
Melee: Unarmed           |    70 |       ||    70
       Tailslap          |     8 |    17 ||    25
       Dagger            |    41 |   127 ||   168
 Cast: Magic Dart        |    35 |     5 ||    40
       Searing Ray       |     2 |    15 ||    17
  Use: Scroll            |     4 |     2 ||     6
       Potion            |       |     2 ||     2
 Stab: Sleeping          |     3 |       ||     3
  Eat: Chunk             |     3 |     5 ||     8
Armor: Skin              |    47 |    51 ||    98
Dodge: Dodged            |    92 |    98 ||   190
